COLUMBUS Blue Jackets vs BOSTON Bruins

Created - 25 février 2024 at 14:45

Goals
1 2 3 T
COLUMBUS Blue Jackets 1 1 1 3
BOSTON Bruins 1 4 0 5
Shots
1 2 3 T
COLUMBUS Blue Jackets 12 9 12 33
BOSTON Bruins 11 11 10 32

1st period

1. COLUMBUS Blue Jackets , Zemgus Girgensons 4 (Travis Boyd 2, Ondrej Palat 5) at 8:18
2. BOSTON Bruins , Adrian Kempe 11 (Bo Horvat 14) at 16:29

Penalties :
Victor Hedman (BOS) for Roughing (Minor) at 1:49, Tomas Hertl (BOS) for Roughing (Minor) at 4:16, Jaycob Megna (BOS) for Hooking (Minor) at 6:16, Kailer Yamamoto (CLB) for Interference (Minor) at 9:09, Calvin de Haan (CLB) for Cross-checking (Minor) at 11:23, Matt Dumba (BOS) for Holding (Minor) at 17:28

2nd period

3. BOSTON Bruins , Kirill Kaprizov 7 (Frank Vatrano 9, Victor Hedman 15) at 4:02
4. COLUMBUS Blue Jackets , Kailer Yamamoto 13 (Neal Pionk 14, Ondrej Palat 6) at 11:25 (PP)
5. BOSTON Bruins , Adrian Kempe 12 (Brad Marchand 15) at 12:39
6. BOSTON Bruins , Tomas Hertl 4 (Joel Eriksson Ek 9, Frank Vatrano 10) at 14:29 (PP)
7. BOSTON Bruins , Blake Wheeler 2 (Tomas Hertl 7, Brad Hunt 2) at 17:45

Penalties :
Victor Hedman (BOS) for Roughing (Minor) at 10:19, Kailer Yamamoto (CLB) for Delaying the game (Minor) at 12:55, Joel Eriksson Ek (BOS) for High sticking (Minor) at 18:14

3rd period

8. COLUMBUS Blue Jackets , Artturi Lehkonen 13 (Anthony Cirelli 19, Blake Coleman 11) at 6:02 (PP)

Penalties :
Neal Pionk (CLB) for Roughing (Minor) at 1:22, Michael Pezzetta (BOS) for Cross-checking (Minor) at 4:04, Brad Marchand (BOS) for High sticking (Minor) at 5:26, Brad Hunt (BOS) for Interference (Minor) at 10:54, Martin Fehervary (CLB) for Cross-checking (Minor) at 12:00, Dmitry Orlov (CLB) for Hooking (Minor) at 15:28

Goalie Stats

Mackenzie Blackwood (CLB), 11 saves from 12 shots - (0,917), 25:31 minutes
Thatcher Demko (CLB), 16 saves from 20 shots - (0,800), L, 12-12-2, 34:29 minutes
Tristan Jarry (BOS), 30 saves from 33 shots - (0,909), W, 9-13-2, 60:00 minutes

Players Stats for COLUMBUS Blue Jackets

Player Name              G  A  P  +/- PIM S  H  SB GA TA FO     MP     PP MP  PK MP  
------------------------------------------------------------------------------------
Andre Burakovsky         0  0  0  -1  0   1  0  0  0  0  0/0    11:35   0:00   0:00 
Anthony Cirelli          0  1  1  -1  0   3  0  0  0  0  10/28  19:59   7:29   0:00 
Artturi Lehkonen         1  0  1  -1  0   4  0  0  0  0  1/3    20:06   7:29   0:07 
Blake Coleman            0  1  1  -1  0   4  4  0  0  0  2/2    23:21   7:29   3:22 
Calvin de Haan           0  0  0   0  2   0  1  1  0  0  0/0    11:09   0:14   2:43 
Dmitry Orlov             0  0  0  -1  2   3  2  1  0  0  0/0    26:29   7:59   5:06 
Eric Staal               0  0  0  -2  0   0  0  0  0  0  4/8     8:48   0:00   3:22 
Evan Rodrigues           0  0  0  -2  0   2  5  0  0  0  12/29  20:32   7:59   7:07 
Kailer Yamamoto          1  0  1  -1  4   3  5  0  0  0  1/2    18:25   7:45   0:00 
Lars Eller               0  0  0  -1  0   1  5  0  0  0  10/19  12:23   0:00   0:48 
Martin Fehervary         0  0  0  -2  2   3  2  2  0  0  0/0    22:49   7:14   3:48 
Matt Benning             0  0  0   0  0   0  0  0  0  0  0/0     8:58   0:14   0:00 
Neal Pionk               0  1  1  -2  2   1  4  1  0  0  0/0    22:39   7:15   3:07 
Ondrej Palat             0  2  2  -2  0   1  2  0  0  0  0/0    13:25   7:59   0:00 
Ryan Poehling            0  0  0   1  0   1  0  0  0  0  0/0     4:39   0:14   0:00 
Ryan Pulock              0  0  0  -1  0   3  3  4  0  0  0/0    27:52   7:59   6:28 
Travis Boyd              0  1  1   1  0   1  0  0  0  0  2/5     4:25   0:00   0:00 
Zemgus Girgensons        1  0  1   1  0   2  2  0  0  0  3/3    10:51   0:00   6:26 

Players Stats for BOSTON Bruins

Player Name              G  A  P  +/- PIM S  H  SB GA TA FO     MP     PP MP  PK MP  
------------------------------------------------------------------------------------
Adam Lowry               0  0  0   0  0   2  1  0  0  0  16/23  14:19   0:00  10:17 
Adrian Kempe             2  0  2   1  0   2  2  0  0  0  1/3    15:53   5:08   0:00 
Andrew Peeke             0  0  0   2  0   1  1  5  0  0  0/0    22:15   0:00   9:45 
Blake Wheeler            1  0  1   1  0   2  0  0  0  0  1/1     7:42   0:00   0:00 
Bo Horvat                0  1  1   1  0   4  1  1  0  0  11/29  16:46   5:08   0:00 
Brad Hunt                0  1  1   0  2   0  1  1  0  0  0/0     9:30   0:00   0:00 
Brad Marchand            0  1  1   1  2   1  1  0  0  0  2/3    25:52   5:08   9:06 
Frank Vatrano            0  2  2   1  0   3  1  0  0  0  0/0    16:22   5:28   0:20 
Jaycob Megna             0  0  0   0  2   0  2  2  0  0  0/0    11:01   0:00   1:31 
Joel Eriksson Ek         0  1  1   1  2   2  1  2  0  0  13/23  19:54   5:28   3:53 
Kirill Kaprizov          1  0  1   1  0   6  1  0  0  0  1/1    16:41   6:07   0:00 
Matt Dumba               0  0  0   2  2   0  3  2  0  0  0/0    23:48   4:29   6:50 
Michael Pezzetta         0  0  0   0  2   0  0  0  0  0  0/0     4:01   0:00   0:00 
Nathan Walker            0  0  0   1  0   2  1  0  0  0  0/0    12:02   0:00   4:20 
Phil Kessel              0  0  0   0  0   0  0  0  0  0  0/0     4:02   0:00   0:00 
Shea Theodore            0  0  0   1  0   1  3  4  0  0  0/0    23:38   4:29   7:14 
Tomas Hertl              1  1  2   1  2   2  2  0  0  0  9/16   14:27   5:28   1:18 
Victor Hedman            0  1  1   1  4   4  1  0  0  0  0/0    24:41   6:07   6:41 

3 Stars

1 - Adrian Kempe (BOS)
2 - Tomas Hertl (BOS)
3 - Frank Vatrano (BOS)

Power Play

COLUMBUS Blue Jackets - 2 on 9 Attempt(s) - 22,22%
BOSTON Bruins - 1 on 6 Attempt(s) - 16,67%

Penalty Kill

COLUMBUS Blue Jackets - 5 on 6 Attempt(s) - 83,33% - Score 0 goal in Penalty Kill
BOSTON Bruins - 7 on 9 Attempt(s) - 77,78% - Score 0 goal in Penalty Kill

Team Stat

COLUMBUS Blue Jackets - Hits : 35 - Faceoff Wins : 45 - Blocked Shots : 9 - Penalty Minutes : 12
BOSTON Bruins - Hits : 22 - Faceoff Wins : 54 - Blocked Shots : 17 - Penalty Minutes : 18

Official

Referees : Trey Pecina and Kendrick Nicholson
Linesman : Erin Blair and Travis Toomey

Game Notes

Mackenzie Blackwood enters game at 14:29 of 2nd period

Finance

Level 1 -- Attendance: 5054 (84,23%) -- Ticket Income $505,400
Level 2 -- Attendance: 4303 (86,06%) -- Ticket Income $258,180
Level 3 -- Attendance: 2000 (100,00%) -- Ticket Income $70,000
Level 4 -- Attendance: 4000 (100,00%) -- Ticket Income $80,000
Luxury Box -- Attendance: 762 (76,20%) -- Ticket Income $152,400
Game was played at the TD Garden.
Total Attendance: 16119 (89,55%)
Total Ticket Income: $1,065,980
Other Income: $266,495
Total Income: $1,332,475

COLUMBUS Blue Jackets

5 vs 5 Forward 
   Center                   Left Wing                Right Wing               Time % Phy DF OF 
 1 Anthony Cirelli          Artturi Lehkonen         Blake Coleman            40     0   3  2  
 2 Lars Eller               Andre Burakovsky         Kailer Yamamoto          30     0   3  2  
 3 Eric Staal               Evan Rodrigues           Ondrej Palat             20     0   4  1  
 4 Travis Boyd              Ryan Poehling            Zemgus Girgensons        10     0   4  1  

5 vs 5 Defense 
   Defense                  Defense                                           Time % Phy DF OF 
 1 Dmitry Orlov             Ryan Pulock                                       40     0   3  2  
 2 Neal Pionk               Martin Fehervary                                  30     0   4  1  
 3 Matt Benning             Calvin de Haan                                    20     0   5  0  
 4 Dmitry Orlov             Ryan Pulock                                       10     1   3  1  

PowerPlay Forward 
   Center                   Left Wing                Right Wing               Time % Phy DF OF 
 1 Anthony Cirelli          Artturi Lehkonen         Blake Coleman            60     0   1  4  
 2 Evan Rodrigues           Ondrej Palat             Kailer Yamamoto          40     0   1  4  

PowerPlay Defense
   Defense                  Defense                                           Time % Phy DF OF 
 1 Dmitry Orlov             Ryan Pulock                                       60     0   1  4  
 2 Neal Pionk               Martin Fehervary                                  40     0   1  4  

Penalty Kill 4 Players Forward 
   Center                   Wing                     Time % Phy DF OF 
 1 Evan Rodrigues           Zemgus Girgensons        60     0   5  0  
 2 Eric Staal               Blake Coleman            40     0   5  0  

Penalty Kill 4 Players Defense
   Defense                  Defense                  Time % Phy DF OF 
 1 Dmitry Orlov             Ryan Pulock              60     0   5  0  
 2 Neal Pionk               Martin Fehervary         40     0   5  0  

Penalty Kill - 3 Players Forward 
   Forward                                           Time % Phy DF OF 
 1 Artturi Lehkonen                                  60     0   5  0  
 2 Anthony Cirelli                                   40     0   5  0  

Penalty Kill - 3 Players Defense
   Defense                  Defense                  Time % Phy DF OF 
 1 Dmitry Orlov             Ryan Pulock              60     0   5  0  
 2 Neal Pionk               Martin Fehervary         40     0   5  0  

4 vs 4 Forward 
   Center                   Wing                     Time % Phy DF OF 
 1 Lars Eller               Andre Burakovsky         60     0   3  2  
 2 Artturi Lehkonen         Evan Rodrigues           40     0   3  2  

4 vs 4 Defense
   Defense                  Defense                  Time % Phy DF OF 
 1 Dmitry Orlov             Ryan Pulock              60     0   4  1  
 2 Neal Pionk               Martin Fehervary         40     0   4  1  

Last Minutes Offensive
   Center                   Left Wing                Right Wing               Defense                  Defense                  
   Anthony Cirelli          Artturi Lehkonen         Blake Coleman            Dmitry Orlov             Ryan Pulock              

Last Minutes Defensive
   Center                   Left Wing                Right Wing               Defense                  Defense                  
   Anthony Cirelli          Artturi Lehkonen         Blake Coleman            Dmitry Orlov             Ryan Pulock              

Goaltenders
Starting : Thatcher Demko           
Backup : Mackenzie Blackwood      

Extra Forwards
Normal : Ryan Poehling, Anthony Cirelli, Zemgus Girgensons - PP : Blake Coleman, Ryan Poehling - PK : Lars Eller
Extra Defensemen
Normal : Matt Benning, Calvin de Haan, Neal Pionk - PP : Matt Benning - PK : Calvin de Haan, Neal Pionk
Penalty Shots
Artturi Lehkonen, Anthony Cirelli, Blake Coleman, Evan Rodrigues, Kailer Yamamoto

Scratches
Max Pacioretty (Healthy), Jake Evans (Healthy)

BOSTON Bruins

5 vs 5 Forward 
   Center                   Left Wing                Right Wing               Time % Phy DF OF 
 1 Bo Horvat                Brad Marchand            Adrian Kempe             38     1   2  2  
 2 Joel Eriksson Ek         Kirill Kaprizov          Frank Vatrano            34     1   2  2  
 3 Tomas Hertl              Nathan Walker            Blake Wheeler            20     1   2  2  
 4 Adam Lowry               Michael Pezzetta         Phil Kessel              8      1   2  2  

5 vs 5 Defense 
   Defense                  Defense                                           Time % Phy DF OF 
 1 Victor Hedman            Shea Theodore                                     43     1   2  2  
 2 Andrew Peeke             Matt Dumba                                        41     1   3  1  
 3 Jaycob Megna             Brad Hunt                                         16     2   2  1  
 4 Victor Hedman            Shea Theodore                                     0      1   2  2  

PowerPlay Forward 
   Center                   Left Wing                Right Wing               Time % Phy DF OF 
 1 Bo Horvat                Brad Marchand            Adrian Kempe             60     1   2  2  
 2 Tomas Hertl              Joel Eriksson Ek         Frank Vatrano            40     1   2  2  

PowerPlay Defense
   Defense                  Defense                                           Time % Phy DF OF 
 1 Victor Hedman            Kirill Kaprizov                                   60     1   2  2  
 2 Matt Dumba               Shea Theodore                                     40     1   2  2  

Penalty Kill 4 Players Forward 
   Center                   Wing                     Time % Phy DF OF 
 1 Adam Lowry               Brad Marchand            60     1   2  2  
 2 Joel Eriksson Ek         Andrew Peeke             40     1   2  2  

Penalty Kill 4 Players Defense
   Defense                  Defense                  Time % Phy DF OF 
 1 Victor Hedman            Andrew Peeke             60     1   2  2  
 2 Matt Dumba               Shea Theodore            40     1   2  2  

Penalty Kill - 3 Players Forward 
   Forward                                           Time % Phy DF OF 
 1 Adam Lowry                                        60     1   2  2  
 2 Joel Eriksson Ek                                  40     1   2  2  

Penalty Kill - 3 Players Defense
   Defense                  Defense                  Time % Phy DF OF 
 1 Victor Hedman            Andrew Peeke             60     1   2  2  
 2 Matt Dumba               Shea Theodore            40     1   2  2  

4 vs 4 Forward 
   Center                   Wing                     Time % Phy DF OF 
 1 Bo Horvat                Brad Marchand            60     1   2  2  
 2 Joel Eriksson Ek         Adrian Kempe             40     1   2  2  

4 vs 4 Defense
   Defense                  Defense                  Time % Phy DF OF 
 1 Victor Hedman            Shea Theodore            60     1   2  2  
 2 Andrew Peeke             Matt Dumba               40     1   2  2  

Last Minutes Offensive
   Center                   Left Wing                Right Wing               Defense                  Defense                  
   Bo Horvat                Kirill Kaprizov          Andrew Peeke             Victor Hedman            Shea Theodore            

Last Minutes Defensive
   Center                   Left Wing                Right Wing               Defense                  Defense                  
   Bo Horvat                Brad Marchand            Adrian Kempe             Victor Hedman            Andrew Peeke             

Goaltenders
Starting : Tristan Jarry            
Backup : Casey DeSmith            

Extra Forwards
Normal : Kirill Kaprizov, Tomas Hertl, Brad Marchand - PP : Kirill Kaprizov, Tomas Hertl - PK : Adam Lowry
Extra Defensemen
Normal : Victor Hedman, Shea Theodore, Matt Dumba - PP : Victor Hedman - PK : Andrew Peeke, Victor Hedman
Penalty Shots
Bo Horvat, Adrian Kempe, Kirill Kaprizov, Tomas Hertl, Brad Marchand

Scratches
None


% Time on Ice - COLUMBUS Blue Jackets

Lines # - Real PCT - Wanted PCT - Time Play
Normal Forward
1 - 38% - 40% - 12:30
2 - 32% - 30% - 10:42
3 - 16% - 20% - 5:26
4 - 13% - 10% - 4:25
Normal Defense
1 - 39% - 40% - 13:03
2 - 36% - 30% - 11:47
3 - 25% - 20% - 8:13
4 - 0% - 10% - 0:00
PP Forward
1 - 48% - 60% - 7:29
2 - 52% - 40% - 7:59
PP Defense
1 - 52% - 60% - 7:59
2 - 48% - 40% - 7:29
PK Forward
1 - 68% - 60% - 7:14
2 - 32% - 40% - 3:22
PK Defense
1 - 60% - 60% - 6:21
2 - 40% - 40% - 4:15
PK3 Forward
1 - 0% - 60%
2 - 0% - 40%
PK3 Defense
1 - 0% - 60%
2 - 0% - 40%
44 Forward
1 - 100% - 60% - 0:53
2 - 0% - 40% - 0:00
44 Defense
1 - 42% - 60% - 0:22
2 - 58% - 40% - 0:31
Last Minute Offensive  - 0:00
Last Minute Defensive  - 0:00
Total
Forward - 60:00
Defense - 60:00

% Time on Ice - BOSTON Bruins

Lines # - Real PCT - Wanted PCT - Time Play
Normal Forward
1 - 33% - 38% - 10:45
2 - 32% - 34% - 10:34
3 - 23% - 20% - 7:42
4 - 12% - 8% - 4:02
Normal Defense
1 - 35% - 43% - 11:39
2 - 36% - 41% - 11:53
3 - 29% - 16% - 9:31
4 - 0% - 0% - 0:00
PP Forward
1 - 48% - 60% - 5:08
2 - 52% - 40% - 5:28
PP Defense
1 - 58% - 60% - 6:07
2 - 42% - 40% - 4:29
PK Forward
1 - 71% - 60% - 10:37
2 - 29% - 40% - 4:15
PK Defense
1 - 60% - 60% - 8:52
2 - 40% - 40% - 6:00
PK3 Forward
1 - 78% - 60% - 0:28
2 - 22% - 40% - 0:08
PK3 Defense
1 - 67% - 60% - 0:24
2 - 33% - 40% - 0:12
44 Forward
1 - 100% - 60% - 0:53
2 - 0% - 40% - 0:00
44 Defense
1 - 30% - 60% - 0:16
2 - 70% - 40% - 0:37
Last Minute Offensive  - 0:00
Last Minute Defensive  - 0:00
Total
Forward - 60:00
Defense - 60:00

Play-by-Play

1st period


0:01 of 1st period - Bo Horvat wins face-off versus Anthony Cirelli in neutral zone.
0:23 of 1st period - Icing by Dmitry Orlov.
0:24 of 1st period - Anthony Cirelli wins face-off versus Joel Eriksson Ek in COLUMBUS Blue Jackets zone.
1:19 of 1st period - Off-side.
1:20 of 1st period - Tomas Hertl wins face-off versus Lars Eller in neutral zone.
1:23 of 1st period - Lars Eller is hit by Tomas Hertl and loses puck.
1:40 of 1st period - Shot by Lars Eller.
1:40 of 1st period - Shot Misses the Net.
1:43 of 1st period - Andre Burakovsky is hit by Shea Theodore and loses puck.
1:49 of 1st period - Minor Penalty to Victor Hedman for Roughing.
1:50 of 1st period - Adam Lowry wins face-off versus Evan Rodrigues in BOSTON Bruins zone.
1:59 of 1st period - Matt Dumba is hit by Evan Rodrigues and loses puck.
2:14 of 1st period - Shot by Kailer Yamamoto.
2:14 of 1st period - Shot Misses the Net.
3:16 of 1st period - Shot by Brad Marchand.
3:16 of 1st period - Shot Misses the Net.
3:51 of 1st period - Off-side.
3:52 of 1st period - Joel Eriksson Ek wins face-off versus Travis Boyd in neutral zone.
3:59 of 1st period - Shot by Joel Eriksson Ek.
3:59 of 1st period - Stopped by Thatcher Demko without a rebound.
4:00 of 1st period - Tomas Hertl wins face-off versus Travis Boyd in COLUMBUS Blue Jackets zone.
4:16 of 1st period - Minor Penalty to Tomas Hertl for Roughing.
4:17 of 1st period - Kailer Yamamoto wins face-off versus Brad Marchand in BOSTON Bruins zone.
4:27 of 1st period - Shot by Neal Pionk.
4:27 of 1st period - Shot Misses the Net.
4:33 of 1st period - Shot by Martin Fehervary.
4:33 of 1st period - Stopped by Tristan Jarry without a rebound.
4:34 of 1st period - Anthony Cirelli wins face-off versus Adam Lowry in BOSTON Bruins zone.
4:37 of 1st period - Shot by Ryan Pulock.
4:37 of 1st period - Shot Blocked by Shea Theodore.
4:39 of 1st period - Shot by Ryan Pulock.
4:39 of 1st period - Shot Blocked by Shea Theodore.
4:41 of 1st period - Shot by Anthony Cirelli.
4:41 of 1st period - Stopped by Tristan Jarry with a rebound.
4:43 of 1st period - Shot by Dmitry Orlov.
4:43 of 1st period - Stopped by Tristan Jarry without a rebound.
4:44 of 1st period - Artturi Lehkonen wins face-off versus Joel Eriksson Ek in BOSTON Bruins zone.
5:01 of 1st period - Shot by Dmitry Orlov.
5:01 of 1st period - Shot Hit the Post.
5:03 of 1st period - Shot by Dmitry Orlov.
5:03 of 1st period - Stopped by Tristan Jarry with a rebound.
5:05 of 1st period - Shot by Dmitry Orlov.
5:05 of 1st period - Shot Misses the Net.
5:07 of 1st period - Shot by Ryan Pulock.
5:07 of 1st period - Shot Blocked by Matt Dumba.
5:09 of 1st period - Shot by Ryan Pulock.
5:09 of 1st period - Stopped by Tristan Jarry without a rebound.
5:10 of 1st period - Adam Lowry wins face-off versus Evan Rodrigues in BOSTON Bruins zone.
5:10 of 1st period - Adam Lowry is hit by Evan Rodrigues.
5:29 of 1st period - Adam Lowry is hit by Evan Rodrigues and loses puck.
6:05 of 1st period - Icing by Neal Pionk.
6:06 of 1st period - Joel Eriksson Ek wins face-off versus Evan Rodrigues in COLUMBUS Blue Jackets zone.
6:06 of 1st period - Victor Hedman is hit by Martin Fehervary and loses puck.
6:16 of 1st period - Minor Penalty to Jaycob Megna for Hooking.
6:17 of 1st period - Joel Eriksson Ek wins face-off versus Anthony Cirelli in BOSTON Bruins zone.
6:40 of 1st period - Shot by Artturi Lehkonen.
6:40 of 1st period - Shot Blocked by Matt Dumba.
6:42 of 1st period - Shot by Ryan Pulock.
6:42 of 1st period - Shot Blocked by Shea Theodore.
7:26 of 1st period - Andrew Peeke is hit by Ondrej Palat and loses puck.
7:31 of 1st period - Shot by Evan Rodrigues.
7:31 of 1st period - Stopped by Tristan Jarry without a rebound.
7:32 of 1st period - Anthony Cirelli wins face-off versus Joel Eriksson Ek in BOSTON Bruins zone.
7:47 of 1st period - Shot by Dmitry Orlov.
7:47 of 1st period - Shot Misses the Net.
7:49 of 1st period - Shot by Artturi Lehkonen.
7:49 of 1st period - Shot Blocked by Andrew Peeke.
8:18 of 1st period - Shot by Travis Boyd.
8:18 of 1st period - Deflect By Zemgus Girgensons.
8:18 of 1st period - Goal by Zemgus Girgensons - COLUMBUS Blue Jackets : 1 - BOSTON Bruins : 0.
8:19 of 1st period - Zemgus Girgensons wins face-off versus Bo Horvat in neutral zone.
9:09 of 1st period - Minor Penalty to Kailer Yamamoto for Interference.
9:10 of 1st period - Joel Eriksson Ek wins face-off versus Evan Rodrigues in COLUMBUS Blue Jackets zone.
9:17 of 1st period - Shot by Joel Eriksson Ek.
9:17 of 1st period - Shot Blocked by Neal Pionk.
9:19 of 1st period - Shot by Victor Hedman.
9:19 of 1st period - Stopped by Thatcher Demko with a rebound.
9:21 of 1st period - Shot by Victor Hedman.
9:21 of 1st period - Shot Misses the Net.
9:23 of 1st period - Shot by Joel Eriksson Ek.
9:23 of 1st period - Stopped by Thatcher Demko without a rebound.
9:24 of 1st period - Tomas Hertl wins face-off versus Evan Rodrigues in COLUMBUS Blue Jackets zone.
9:29 of 1st period - Shot by Joel Eriksson Ek.
9:29 of 1st period - Shot Blocked by Ryan Pulock.
9:31 of 1st period - Shot by Shea Theodore.
9:31 of 1st period - Shot Misses the Net.
10:30 of 1st period - Shot by Kirill Kaprizov.
10:30 of 1st period - Shot Misses the Net.
10:40 of 1st period - Shot by Adrian Kempe.
10:40 of 1st period - Shot Blocked by Martin Fehervary.
10:46 of 1st period - Shot by Kirill Kaprizov.
10:46 of 1st period - Stopped by Thatcher Demko without a rebound.
10:47 of 1st period - Evan Rodrigues wins face-off versus Bo Horvat in COLUMBUS Blue Jackets zone.
10:57 of 1st period - Icing by Victor Hedman.
10:58 of 1st period - Evan Rodrigues wins face-off versus Bo Horvat in BOSTON Bruins zone.
11:05 of 1st period - Evan Rodrigues is hit by Adrian Kempe and loses puck.
11:14 of 1st period - Shot by Adam Lowry.
11:14 of 1st period - Stopped by Thatcher Demko with a rebound.
11:23 of 1st period - Minor Penalty to Calvin de Haan for Cross-checking.
11:24 of 1st period - Evan Rodrigues wins face-off versus Tomas Hertl in COLUMBUS Blue Jackets zone.
11:24 of 1st period - Evan Rodrigues is hit by Frank Vatrano.
12:24 of 1st period - Shot by Kirill Kaprizov.
12:24 of 1st period - Stopped by Thatcher Demko without a rebound.
12:25 of 1st period - Eric Staal wins face-off versus Bo Horvat in COLUMBUS Blue Jackets zone.
12:44 of 1st period - Shot by Brad Marchand.
12:44 of 1st period - Deflect By Adrian Kempe.
12:44 of 1st period - Shot Misses the Net.
12:50 of 1st period - Shot by Bo Horvat.
12:50 of 1st period - Stopped by Thatcher Demko with a rebound.
12:58 of 1st period - Shot by Kirill Kaprizov.
12:58 of 1st period - Stopped by Thatcher Demko without a rebound.
12:59 of 1st period - Evan Rodrigues wins face-off versus Tomas Hertl in COLUMBUS Blue Jackets zone.
12:59 of 1st period - Evan Rodrigues is hit by Joel Eriksson Ek.
13:42 of 1st period - Icing by Matt Benning.
13:43 of 1st period - Bo Horvat wins face-off versus Anthony Cirelli in COLUMBUS Blue Jackets zone.
14:42 of 1st period - Lars Eller is hit by Matt Dumba and loses puck.
14:45 of 1st period - Shot by Lars Eller.
14:45 of 1st period - Shot Misses the Net.
14:47 of 1st period - Shot by Lars Eller.
14:47 of 1st period - Shot Blocked by Andrew Peeke.
15:06 of 1st period - Lars Eller is hit by Matt Dumba.
15:36 of 1st period - Shot by Blake Wheeler.
15:36 of 1st period - Shot Misses the Net.
15:38 of 1st period - Shot by Nathan Walker.
15:38 of 1st period - Shot Misses the Net.
15:40 of 1st period - Shot by Jaycob Megna.
15:40 of 1st period - Shot Blocked by Ryan Pulock.
15:51 of 1st period - Shot by Blake Wheeler.
15:51 of 1st period - Shot Misses the Net.
15:53 of 1st period - Shot by Blake Wheeler.
15:53 of 1st period - Shot Misses the Net.
15:55 of 1st period - Shot by Blake Wheeler.
15:55 of 1st period - Deflect By Tomas Hertl.
15:55 of 1st period - Shot Misses the Net.
16:05 of 1st period - Shot by Nathan Walker.
16:05 of 1st period - Stopped by Thatcher Demko with a rebound.
16:07 of 1st period - Shot by Jaycob Megna.
16:07 of 1st period - Deflect By Tomas Hertl.
16:07 of 1st period - Shot Misses the Net.
16:27 of 1st period - Shot by Victor Hedman.
16:27 of 1st period - Stopped by Thatcher Demko without a rebound.
16:28 of 1st period - Bo Horvat wins face-off versus Anthony Cirelli in COLUMBUS Blue Jackets zone.
16:29 of 1st period - Shot by Adrian Kempe.
16:29 of 1st period - Goal by Adrian Kempe - COLUMBUS Blue Jackets : 1 - BOSTON Bruins : 1.
16:30 of 1st period - Adrian Kempe wins face-off versus Artturi Lehkonen in neutral zone.
16:33 of 1st period - Shot by Bo Horvat.
16:33 of 1st period - Deflect By Adrian Kempe.
16:33 of 1st period - Shot Misses the Net.
16:36 of 1st period - Icing by Neal Pionk.
16:37 of 1st period - Anthony Cirelli wins face-off versus Bo Horvat in COLUMBUS Blue Jackets zone.
17:17 of 1st period - Shot by Blake Coleman.
17:17 of 1st period - Stopped by Tristan Jarry without a rebound.
17:18 of 1st period - Lars Eller wins face-off versus Joel Eriksson Ek in BOSTON Bruins zone.
17:21 of 1st period - Shot by Kailer Yamamoto.
17:21 of 1st period - Shot Blocked by Andrew Peeke.
17:23 of 1st period - Shot by Lars Eller.
17:23 of 1st period - Stopped by Tristan Jarry without a rebound.
17:24 of 1st period - Lars Eller wins face-off versus Joel Eriksson Ek in BOSTON Bruins zone.
17:27 of 1st period - Shot by Andre Burakovsky.
17:27 of 1st period - Shot Blocked by Joel Eriksson Ek.
17:28 of 1st period - Minor Penalty to Matt Dumba for Holding.
17:29 of 1st period - Adam Lowry wins face-off versus Evan Rodrigues in BOSTON Bruins zone.
17:46 of 1st period - Shot by Dmitry Orlov.
17:46 of 1st period - Shot Misses the Net.
17:48 of 1st period - Shot by Evan Rodrigues.
17:48 of 1st period - Shot Blocked by Andrew Peeke.
17:52 of 1st period - Shot by Kailer Yamamoto.
17:52 of 1st period - Shot Misses the Net.
17:54 of 1st period - Shot by Kailer Yamamoto.
17:54 of 1st period - Deflect By Evan Rodrigues.
17:54 of 1st period - Shot Blocked by Shea Theodore.
17:56 of 1st period - Shot by Ryan Pulock.
17:56 of 1st period - Stopped by Tristan Jarry with a rebound.
17:58 of 1st period - Shot by Dmitry Orlov.
17:58 of 1st period - Stopped by Tristan Jarry without a rebound.
17:59 of 1st period - Adam Lowry wins face-off versus Anthony Cirelli in BOSTON Bruins zone.
18:16 of 1st period - Shot by Blake Coleman.
18:16 of 1st period - Stopped by Tristan Jarry without a rebound.
18:17 of 1st period - Evan Rodrigues wins face-off versus Joel Eriksson Ek in BOSTON Bruins zone.
18:18 of 1st period - Shot by Ryan Pulock.
18:18 of 1st period - Shot Misses the Net.
19:45 of 1st period - Icing by Jaycob Megna.
19:46 of 1st period - Kirill Kaprizov wins face-off versus Anthony Cirelli in BOSTON Bruins zone.
19:58 of 1st period - Martin Fehervary is hit by Jaycob Megna and loses puck.
Goals for this period are 1 for COLUMBUS Blue Jackets vs 1 for BOSTON Bruins.
Shots for this period are 12 for COLUMBUS Blue Jackets vs 11 for BOSTON Bruins.

2nd period


0:01 of 2nd period - Lars Eller wins face-off versus Bo Horvat in neutral zone.
0:26 of 2nd period - Shot by Adrian Kempe.
0:26 of 2nd period - Shot Misses the Net.
0:28 of 2nd period - Shot by Andrew Peeke.
0:28 of 2nd period - Stopped by Thatcher Demko without a rebound.
0:29 of 2nd period - Anthony Cirelli wins face-off versus Joel Eriksson Ek in COLUMBUS Blue Jackets zone.
0:31 of 2nd period - Icing by Blake Coleman.
0:32 of 2nd period - Joel Eriksson Ek wins face-off versus Anthony Cirelli in COLUMBUS Blue Jackets zone.
0:32 of 2nd period - Joel Eriksson Ek is hit by Neal Pionk.
0:40 of 2nd period - Shea Theodore is hit by Blake Coleman and loses puck.
0:55 of 2nd period - Shot by Kirill Kaprizov.
0:55 of 2nd period - Shot Misses the Net.
0:59 of 2nd period - Shot by Frank Vatrano.
0:59 of 2nd period - Stopped by Thatcher Demko without a rebound.
1:00 of 2nd period - Lars Eller wins face-off versus Bo Horvat in COLUMBUS Blue Jackets zone.
1:00 of 2nd period - Lars Eller is hit by Adrian Kempe.
1:23 of 2nd period - Brad Marchand is hit by Ryan Pulock.
1:45 of 2nd period - Shot by Bo Horvat.
1:45 of 2nd period - Stopped by Thatcher Demko without a rebound.
1:46 of 2nd period - Joel Eriksson Ek wins face-off versus Anthony Cirelli in COLUMBUS Blue Jackets zone.
1:46 of 2nd period - Joel Eriksson Ek is hit by Neal Pionk.
1:58 of 2nd period - Shot by Kirill Kaprizov.
1:58 of 2nd period - Shot Misses the Net.
2:00 of 2nd period - Shot by Victor Hedman.
2:00 of 2nd period - Shot Blocked by Martin Fehervary.
2:03 of 2nd period - Joel Eriksson Ek is hit by Neal Pionk and loses puck.
2:20 of 2nd period - Shot by Victor Hedman.
2:20 of 2nd period - Stopped by Thatcher Demko without a rebound.
2:21 of 2nd period - Eric Staal wins face-off versus Tomas Hertl in COLUMBUS Blue Jackets zone.
2:21 of 2nd period - Eric Staal is hit by Tomas Hertl.
2:26 of 2nd period - Evan Rodrigues is hit by Brad Hunt.
2:29 of 2nd period - Icing by Tomas Hertl.
2:30 of 2nd period - Tomas Hertl wins face-off versus Lars Eller in BOSTON Bruins zone.
2:57 of 2nd period - Shot by Tomas Hertl.
2:57 of 2nd period - Shot Blocked by Ryan Pulock.
2:59 of 2nd period - Shot by Nathan Walker.
2:59 of 2nd period - Stopped by Thatcher Demko without a rebound.
3:00 of 2nd period - Bo Horvat wins face-off versus Anthony Cirelli in COLUMBUS Blue Jackets zone.
3:16 of 2nd period - Shot by Blake Coleman.
3:16 of 2nd period - Stopped by Tristan Jarry without a rebound.
3:17 of 2nd period - Joel Eriksson Ek wins face-off versus Eric Staal in BOSTON Bruins zone.
3:58 of 2nd period - Shot by Frank Vatrano.
3:58 of 2nd period - Shot Misses the Net.
4:00 of 2nd period - Shot by Frank Vatrano.
4:00 of 2nd period - Shot Blocked by Dmitry Orlov.
4:02 of 2nd period - Shot by Kirill Kaprizov.
4:02 of 2nd period - Goal by Kirill Kaprizov - COLUMBUS Blue Jackets : 1 - BOSTON Bruins : 2.
4:03 of 2nd period - Anthony Cirelli wins face-off versus Adrian Kempe in neutral zone.
4:10 of 2nd period - Shot by Artturi Lehkonen.
4:10 of 2nd period - Shot Blocked by Bo Horvat.
4:22 of 2nd period - Shot by Artturi Lehkonen.
4:22 of 2nd period - Stopped by Tristan Jarry without a rebound.
4:23 of 2nd period - Blake Wheeler wins face-off versus Lars Eller in BOSTON Bruins zone.
4:25 of 2nd period - Tomas Hertl is hit by Lars Eller and loses puck.
4:40 of 2nd period - Shot by Calvin de Haan.
4:40 of 2nd period - Shot Blocked by Jaycob Megna.
4:42 of 2nd period - Shot by Kailer Yamamoto.
4:42 of 2nd period - Stopped by Tristan Jarry without a rebound.
4:43 of 2nd period - Bo Horvat wins face-off versus Anthony Cirelli in BOSTON Bruins zone.
5:51 of 2nd period - Shot by Frank Vatrano.
5:51 of 2nd period - Shot Misses the Net.
8:02 of 2nd period - Icing by Martin Fehervary.
8:03 of 2nd period - Travis Boyd wins face-off versus Bo Horvat in COLUMBUS Blue Jackets zone.
8:29 of 2nd period - Shot by Brad Marchand.
8:29 of 2nd period - Shot Misses the Net.
8:31 of 2nd period - Shot by Adrian Kempe.
8:31 of 2nd period - Shot Misses the Net.
8:35 of 2nd period - Shot by Bo Horvat.
8:35 of 2nd period - Deflect By Adrian Kempe.
8:35 of 2nd period - Shot Misses the Net.
8:39 of 2nd period - Shot by Bo Horvat.
8:39 of 2nd period - Stopped by Thatcher Demko without a rebound.
8:40 of 2nd period - Anthony Cirelli wins face-off versus Joel Eriksson Ek in COLUMBUS Blue Jackets zone.
8:53 of 2nd period - Shot by Blake Coleman.
8:53 of 2nd period - Shot Blocked by Brad Hunt.
9:09 of 2nd period - Shot by Blake Coleman.
9:09 of 2nd period - Stopped by Tristan Jarry without a rebound.
9:10 of 2nd period - Tomas Hertl wins face-off versus Lars Eller in BOSTON Bruins zone.
9:10 of 2nd period - Tomas Hertl is hit by Kailer Yamamoto.
9:21 of 2nd period - Andrew Peeke is hit by Calvin de Haan and loses puck.
10:11 of 2nd period - Off-side.
10:12 of 2nd period - Evan Rodrigues wins face-off versus Bo Horvat in neutral zone.
10:12 of 2nd period - Evan Rodrigues is hit by Bo Horvat.
10:18 of 2nd period - Shot by Evan Rodrigues.
10:18 of 2nd period - Shot Misses the Net.
10:19 of 2nd period - Minor Penalty to Victor Hedman for Roughing.
10:20 of 2nd period - Adam Lowry wins face-off versus Anthony Cirelli in BOSTON Bruins zone.
10:20 of 2nd period - Adam Lowry is hit by Blake Coleman.
10:44 of 2nd period - Shot by Ryan Pulock.
10:44 of 2nd period - Stopped by Tristan Jarry without a rebound.
10:45 of 2nd period - Adam Lowry wins face-off versus Evan Rodrigues in BOSTON Bruins zone.
10:45 of 2nd period - Brad Marchand is hit by Ondrej Palat and loses puck.
11:25 of 2nd period - Shot by Kailer Yamamoto.
11:25 of 2nd period - Goal by Kailer Yamamoto - COLUMBUS Blue Jackets : 2 - BOSTON Bruins : 2.
11:26 of 2nd period - Joel Eriksson Ek wins face-off versus Anthony Cirelli in neutral zone.
11:37 of 2nd period - Shot by Kirill Kaprizov.
11:37 of 2nd period - Shot Misses the Net.
12:33 of 2nd period - Off-side.
12:34 of 2nd period - Brad Marchand wins face-off versus Lars Eller in neutral zone.
12:39 of 2nd period - Shot by Adrian Kempe.
12:39 of 2nd period - Goal by Adrian Kempe - COLUMBUS Blue Jackets : 2 - BOSTON Bruins : 3.
12:40 of 2nd period - Lars Eller wins face-off versus Bo Horvat in neutral zone.
12:43 of 2nd period - Adrian Kempe is hit by Kailer Yamamoto and loses puck.
12:55 of 2nd period - Minor Penalty to Kailer Yamamoto for Delaying the game.
12:56 of 2nd period - Zemgus Girgensons wins face-off versus Bo Horvat in COLUMBUS Blue Jackets zone.
13:04 of 2nd period - Victor Hedman is hit by Ryan Pulock and loses puck.
13:18 of 2nd period - Icing by Victor Hedman.
13:19 of 2nd period - Bo Horvat wins face-off versus Evan Rodrigues in BOSTON Bruins zone.
13:25 of 2nd period - Victor Hedman is hit by Dmitry Orlov and loses puck.
13:58 of 2nd period - Ryan Pulock is hit by Shea Theodore and loses puck.
14:29 of 2nd period - Shot by Tomas Hertl.
14:29 of 2nd period - Goal by Tomas Hertl - COLUMBUS Blue Jackets : 2 - BOSTON Bruins : 4.
14:29 of 2nd period - Mackenzie Blackwood enters game.
14:30 of 2nd period - Lars Eller wins face-off versus Adam Lowry in neutral zone.
14:55 of 2nd period - Shot by Andre Burakovsky.
14:55 of 2nd period - Stopped by Tristan Jarry without a rebound.
14:56 of 2nd period - Travis Boyd wins face-off versus Tomas Hertl in BOSTON Bruins zone.
14:56 of 2nd period - Calvin de Haan is hit by Andrew Peeke and loses puck.
15:21 of 2nd period - Shot by Blake Wheeler.
15:21 of 2nd period - Stopped by Mackenzie Blackwood without a rebound.
15:22 of 2nd period - Bo Horvat wins face-off versus Anthony Cirelli in COLUMBUS Blue Jackets zone.
15:22 of 2nd period - Brad Marchand is hit by Martin Fehervary and loses puck.
15:32 of 2nd period - Shot by Anthony Cirelli.
15:32 of 2nd period - Shot Misses the Net.
15:34 of 2nd period - Shot by Anthony Cirelli.
15:34 of 2nd period - Shot Hit the Post.
15:36 of 2nd period - Shot by Anthony Cirelli.
15:36 of 2nd period - Stopped by Tristan Jarry without a rebound.
15:37 of 2nd period - Joel Eriksson Ek wins face-off versus Kailer Yamamoto in BOSTON Bruins zone.
15:37 of 2nd period - Joel Eriksson Ek is hit by Lars Eller.
15:40 of 2nd period - Matt Dumba is hit by Kailer Yamamoto and loses puck.
15:45 of 2nd period - Shot by Kailer Yamamoto.
15:45 of 2nd period - Shot Blocked by Andrew Peeke.
16:22 of 2nd period - Frank Vatrano is hit by Dmitry Orlov and loses puck.
17:26 of 2nd period - Bo Horvat is hit by Blake Coleman.
17:33 of 2nd period - Off-side.
17:34 of 2nd period - Tomas Hertl wins face-off versus Eric Staal in neutral zone.
17:45 of 2nd period - Shot by Blake Wheeler.
17:45 of 2nd period - Goal by Blake Wheeler - COLUMBUS Blue Jackets : 2 - BOSTON Bruins : 5.
17:46 of 2nd period - Adam Lowry wins face-off versus Travis Boyd in neutral zone.
18:09 of 2nd period - Shot by Zemgus Girgensons.
18:09 of 2nd period - Stopped by Tristan Jarry without a rebound.
18:10 of 2nd period - Joel Eriksson Ek wins face-off versus Lars Eller in BOSTON Bruins zone.
18:14 of 2nd period - Minor Penalty to Joel Eriksson Ek for High sticking.
18:15 of 2nd period - Adam Lowry wins face-off versus Evan Rodrigues in BOSTON Bruins zone.
18:15 of 2nd period - Adam Lowry is hit by Kailer Yamamoto.
Goals for this period are 1 for COLUMBUS Blue Jackets vs 4 for BOSTON Bruins.
Shots for this period are 9 for COLUMBUS Blue Jackets vs 11 for BOSTON Bruins.

3rd period


0:01 of 3rd period - Adam Lowry wins face-off versus Anthony Cirelli in neutral zone.
0:10 of 3rd period - Shot by Anthony Cirelli.
0:10 of 3rd period - Deflect By Artturi Lehkonen.
0:10 of 3rd period - Shot Misses the Net.
0:42 of 3rd period - Shot by Frank Vatrano.
0:42 of 3rd period - Stopped by Mackenzie Blackwood without a rebound.
0:43 of 3rd period - Bo Horvat wins face-off versus Anthony Cirelli in COLUMBUS Blue Jackets zone.
0:43 of 3rd period - Victor Hedman is hit by Ryan Pulock.
0:51 of 3rd period - Shot by Artturi Lehkonen.
0:51 of 3rd period - Stopped by Tristan Jarry without a rebound.
0:52 of 3rd period - Blake Coleman wins face-off versus Bo Horvat in BOSTON Bruins zone.
1:12 of 3rd period - Icing by Brad Marchand.
1:13 of 3rd period - Bo Horvat wins face-off versus Lars Eller in BOSTON Bruins zone.
1:13 of 3rd period - Bo Horvat is hit by Lars Eller.
1:22 of 3rd period - Minor Penalty to Neal Pionk for Roughing.
1:23 of 3rd period - Evan Rodrigues wins face-off versus Tomas Hertl in COLUMBUS Blue Jackets zone.
1:37 of 3rd period - Icing by Frank Vatrano.
1:38 of 3rd period - Evan Rodrigues wins face-off versus Tomas Hertl in BOSTON Bruins zone.
1:55 of 3rd period - Kirill Kaprizov is hit by Zemgus Girgensons and loses puck.
2:19 of 3rd period - Frank Vatrano is hit by Evan Rodrigues and loses puck.
3:26 of 3rd period - Shot by Adam Lowry.
3:26 of 3rd period - Stopped by Mackenzie Blackwood without a rebound.
3:27 of 3rd period - Adam Lowry wins face-off versus Lars Eller in COLUMBUS Blue Jackets zone.
3:53 of 3rd period - Shot by Kailer Yamamoto.
3:53 of 3rd period - Shot Misses the Net.
4:04 of 3rd period - Minor Penalty to Michael Pezzetta for Cross-checking.
4:05 of 3rd period - Blake Coleman wins face-off versus Adam Lowry in BOSTON Bruins zone.
4:06 of 3rd period - Shot by Neal Pionk.
4:06 of 3rd period - Stopped by Tristan Jarry without a rebound.
4:07 of 3rd period - Anthony Cirelli wins face-off versus Adam Lowry in BOSTON Bruins zone.
4:07 of 3rd period - Anthony Cirelli is hit by Victor Hedman.
4:19 of 3rd period - Shot by Artturi Lehkonen.
4:19 of 3rd period - Stopped by Tristan Jarry without a rebound.
4:20 of 3rd period - Evan Rodrigues wins face-off versus Adam Lowry in BOSTON Bruins zone.
4:21 of 3rd period - Shot by Kailer Yamamoto.
4:21 of 3rd period - Shot Misses the Net.
4:23 of 3rd period - Shot by Martin Fehervary.
4:23 of 3rd period - Stopped by Tristan Jarry without a rebound.
4:24 of 3rd period - Anthony Cirelli wins face-off versus Adam Lowry in BOSTON Bruins zone.
5:01 of 3rd period - Shot by Martin Fehervary.
5:01 of 3rd period - Stopped by Tristan Jarry without a rebound.
5:02 of 3rd period - Evan Rodrigues wins face-off versus Joel Eriksson Ek in BOSTON Bruins zone.
5:03 of 3rd period - Shot by Ondrej Palat.
5:03 of 3rd period - Deflect By Evan Rodrigues.
5:03 of 3rd period - Stopped by Tristan Jarry without a rebound.
5:04 of 3rd period - Adam Lowry wins face-off versus Evan Rodrigues in BOSTON Bruins zone.
5:04 of 3rd period - Adam Lowry is hit by Evan Rodrigues.
5:19 of 3rd period - Off-side.
5:20 of 3rd period - Anthony Cirelli wins face-off versus Adam Lowry in neutral zone.
5:20 of 3rd period - Neal Pionk is hit by Adam Lowry and loses puck.
5:26 of 3rd period - Minor Penalty to Brad Marchand for High sticking.
5:27 of 3rd period - Adam Lowry wins face-off versus Anthony Cirelli in BOSTON Bruins zone.
6:00 of 3rd period - Shot by Anthony Cirelli.
6:00 of 3rd period - Shot Misses the Net.
6:02 of 3rd period - Shot by Artturi Lehkonen.
6:02 of 3rd period - Goal by Artturi Lehkonen - COLUMBUS Blue Jackets : 3 - BOSTON Bruins : 5.
6:03 of 3rd period - Adam Lowry wins face-off versus Evan Rodrigues in neutral zone.
6:14 of 3rd period - Shot by Tomas Hertl.
6:14 of 3rd period - Stopped by Mackenzie Blackwood without a rebound.
6:15 of 3rd period - Adam Lowry wins face-off versus Evan Rodrigues in COLUMBUS Blue Jackets zone.
7:11 of 3rd period - Shot by Ryan Pulock.
7:11 of 3rd period - Shot Hit the Post.
7:39 of 3rd period - Shot by Travis Boyd.
7:39 of 3rd period - Stopped by Tristan Jarry with a rebound.
7:41 of 3rd period - Shot by Zemgus Girgensons.
7:41 of 3rd period - Shot Misses the Net.
7:43 of 3rd period - Shot by Ryan Poehling.
7:43 of 3rd period - Stopped by Tristan Jarry with a rebound.
7:45 of 3rd period - Shot by Travis Boyd.
7:45 of 3rd period - Shot Blocked by Jaycob Megna.
8:25 of 3rd period - Shot by Anthony Cirelli.
8:25 of 3rd period - Stopped by Tristan Jarry without a rebound.
8:26 of 3rd period - Lars Eller wins face-off versus Joel Eriksson Ek in BOSTON Bruins zone.
8:27 of 3rd period - Shot by Andre Burakovsky.
8:27 of 3rd period - Shot Blocked by Joel Eriksson Ek.
8:32 of 3rd period - Lars Eller is hit by Shea Theodore and loses puck.
8:41 of 3rd period - Shot by Kailer Yamamoto.
8:41 of 3rd period - Stopped by Tristan Jarry without a rebound.
8:42 of 3rd period - Tomas Hertl wins face-off versus Anthony Cirelli in BOSTON Bruins zone.
8:53 of 3rd period - Anthony Cirelli is hit by Nathan Walker.
8:57 of 3rd period - Andrew Peeke is hit by Blake Coleman and loses puck.
9:20 of 3rd period - Anthony Cirelli is hit by Matt Dumba and loses puck.
9:52 of 3rd period - Joel Eriksson Ek is hit by Neal Pionk and loses puck.
10:19 of 3rd period - Eric Staal is hit by Kirill Kaprizov and loses puck.
10:27 of 3rd period - Icing by Neal Pionk.
10:28 of 3rd period - Bo Horvat wins face-off versus Eric Staal in COLUMBUS Blue Jackets zone.
10:38 of 3rd period - Neal Pionk is hit by Jaycob Megna and loses puck.
10:54 of 3rd period - Minor Penalty to Brad Hunt for Interference.
10:55 of 3rd period - Adam Lowry wins face-off versus Anthony Cirelli in BOSTON Bruins zone.
11:16 of 3rd period - Shot by Ryan Pulock.
11:16 of 3rd period - Shot Misses the Net.
11:18 of 3rd period - Shot by Anthony Cirelli.
11:18 of 3rd period - Shot Misses the Net.
11:50 of 3rd period - Shot by Ondrej Palat.
11:50 of 3rd period - Stopped by Tristan Jarry without a rebound.
11:51 of 3rd period - Adam Lowry wins face-off versus Evan Rodrigues in BOSTON Bruins zone.
11:51 of 3rd period - Brad Marchand is hit by Kailer Yamamoto.
12:00 of 3rd period - Minor Penalty to Martin Fehervary for Cross-checking.
12:01 of 3rd period - Lars Eller wins face-off versus Bo Horvat in COLUMBUS Blue Jackets zone.
12:05 of 3rd period - Off-side.
12:06 of 3rd period - Lars Eller wins face-off versus Bo Horvat in neutral zone.
12:21 of 3rd period - Shot by Bo Horvat.
12:21 of 3rd period - Stopped by Mackenzie Blackwood without a rebound.
12:22 of 3rd period - Lars Eller wins face-off versus Bo Horvat in COLUMBUS Blue Jackets zone.
12:38 of 3rd period - Icing by Matt Dumba.
12:39 of 3rd period - Brad Marchand wins face-off versus Lars Eller in BOSTON Bruins zone.
12:39 of 3rd period - Andrew Peeke is hit by Lars Eller and loses puck.
12:53 of 3rd period - Icing by Neal Pionk.
12:54 of 3rd period - Zemgus Girgensons wins face-off versus Tomas Hertl in COLUMBUS Blue Jackets zone.
13:21 of 3rd period - Shot by Kirill Kaprizov.
13:21 of 3rd period - Deflect By Tomas Hertl.
13:21 of 3rd period - Shot Misses the Net.
13:23 of 3rd period - Shot by Victor Hedman.
13:23 of 3rd period - Stopped by Mackenzie Blackwood without a rebound.
13:24 of 3rd period - Evan Rodrigues wins face-off versus Adrian Kempe in COLUMBUS Blue Jackets zone.
13:38 of 3rd period - Off-side.
13:39 of 3rd period - Tomas Hertl wins face-off versus Evan Rodrigues in neutral zone.
14:36 of 3rd period - Michael Pezzetta is hit by Lars Eller and loses puck.
15:10 of 3rd period - Off-side.
15:11 of 3rd period - Joel Eriksson Ek wins face-off versus Artturi Lehkonen in neutral zone.
15:27 of 3rd period - Shot by Frank Vatrano.
15:27 of 3rd period - Shot Blocked by Ryan Pulock.
15:28 of 3rd period - Minor Penalty to Dmitry Orlov for Hooking.
15:29 of 3rd period - Evan Rodrigues wins face-off versus Bo Horvat in COLUMBUS Blue Jackets zone.
15:44 of 3rd period - Brad Marchand is hit by Zemgus Girgensons.
15:52 of 3rd period - Shot by Kirill Kaprizov.
15:52 of 3rd period - Stopped by Mackenzie Blackwood without a rebound.
15:53 of 3rd period - Tomas Hertl wins face-off versus Evan Rodrigues in COLUMBUS Blue Jackets zone.
16:28 of 3rd period - Shot by Shea Theodore.
16:28 of 3rd period - Stopped by Mackenzie Blackwood without a rebound.
16:29 of 3rd period - Eric Staal wins face-off versus Bo Horvat in COLUMBUS Blue Jackets zone.
16:42 of 3rd period - Shot by Kirill Kaprizov.
16:42 of 3rd period - Stopped by Mackenzie Blackwood without a rebound.
16:43 of 3rd period - Eric Staal wins face-off versus Bo Horvat in COLUMBUS Blue Jackets zone.
16:43 of 3rd period - Neal Pionk is hit by Brad Marchand and loses puck.
16:58 of 3rd period - Shot by Brad Marchand.
16:58 of 3rd period - Stopped by Mackenzie Blackwood without a rebound.
16:59 of 3rd period - Joel Eriksson Ek wins face-off versus Evan Rodrigues in COLUMBUS Blue Jackets zone.
17:00 of 3rd period - Shot by Shea Theodore.
17:00 of 3rd period - Shot Blocked by Calvin de Haan.
17:02 of 3rd period - Shot by Frank Vatrano.
17:02 of 3rd period - Stopped by Mackenzie Blackwood without a rebound.
17:03 of 3rd period - Bo Horvat wins face-off versus Evan Rodrigues in COLUMBUS Blue Jackets zone.
19:00 of 3rd period - Off-side.
19:01 of 3rd period - Joel Eriksson Ek wins face-off versus Eric Staal in neutral zone.
Goals for this period are 1 for COLUMBUS Blue Jackets vs 0 for BOSTON Bruins.
Shots for this period are 12 for COLUMBUS Blue Jackets vs 10 for BOSTON Bruins. Output by the SimonT Hockey Simulator (STHS) for Martin Benoit - Original Page W3C HTML5 Valid
Hockey Simulator - Hockey Simulation - Hockey Manager